 Dungeon Crawl Stone Soup version 0.29.0-11-gd7f09526c8 (webtiles) character file.

Game seed: 16358531699048522261

16 Monkooky the Sneak (level 2, -1/20 HPs)
             Began as a Ghoul Enchanter on Sept 4, 2022.
             Was a Follower of Qazlal.
             Slain by a scorpion (2 damage)
             ... on level 2 of the Dungeon.
             The game lasted 00:02:10 (1134 turns).

Monkooky the Sneak (Ghoul Enchanter)                Turns: 1134, Time: 00:02:10

Health: -1/20      AC:  5    Str: 10 (11) XL:     2   Next: 54%
Magic:  3/3        EV: 10    Int:  9 (10) God:    Qazlal [*.....]
Gold:   32         SH:  2    Dex:  9      Spells: 4/4 levels left

rFire   . . .      SeeInvis .   a - +1 dagger
rCold   + . .      Faith    .   (no shield)
rNeg    + + +      Spirit   .   m - +0 ring mail
rPois   ∞          Reflect  .   (no helmet)
rElec   .          Harm     .   (no cloak)
rCorr   .          Rampage  .   (no gloves)
Will    .....                   (no boots)
Stlth   +.........              (no amulet)
HPRegen 0.00/turn               (no ring)
MPRegen 0.08/turn               (no ring)

@: attractive, inhibited regen, hasted, invisible, very quick
A: claws 1, cold resistance 1, negative energy resistance 3, inhibited
regeneration, torment resistance 2, devour on kill
a: Renounce Religion


You were on level 2 of the Dungeon.
You worshipped Qazlal.
Qazlal was aware of your devotion.
You visited 1 branch of the dungeon, and saw 2 of its levels.

You collected 32 gold pieces.

Inventory:

Hand Weapons
 a - a +1 dagger (weapon)
Missiles
 j - a poisoned dart (quivered)
Armour
 b - a +0 robe
 h - an orb of energy
 m - a +0 ring mail (worn)
Jewellery
 n - an amulet of the acrobat
Scrolls
 e - a scroll of identify {unknown}
 f - a scroll of fear {unknown}
 i - a scroll of teleportation {unknown}
Potions
 g - a potion of cancellation {unknown}
 k - a potion of mutation
 l - a potion of attraction
 o - a potion of haste


   Skills:
 - Level 0.8 Short Blades
 - Level 1.7 Dodging
 - Level 3.2 Stealth
 + Level 2.3 Unarmed Combat
 - Level 1.7 Spellcasting
 - Level 2.4 Hexes


You had 4 spell levels left.
You didn't know any spells.
Your spell library contained the following spells:

 Spells                   Type           Power      Damage    Failure   Level
 Ensorcelled Hibernation  Hex/Ice        4%         N/A       63%         2
 Confusing Touch          Hex            5%         N/A       69%         3
 Tukima's Dance           Hex            5%         N/A       69%         3
 Dazzling Flash           Conj/Hex       4%         N/A       86%         3


Dungeon Overview and Level Annotations

Branches:
Dungeon (2/15)

Altars:
Qazlal


Innate Abilities, Weirdness & Mutations

You are immune to poison.
You have sharp fingernails.
Your flesh is cold resistant. (rC+)
You are immune to negative energy. (rN+++)
You do not regenerate when monsters are visible.
You are immune to unholy pain and torment.
You thrive by killing the living.


Message History

The scorpion closely misses you.
You scratch the scorpion but do no damage.
The scorpion stings you.
You closely miss the scorpion. The scorpion stings you.
The scorpion misses you.
You barely miss the scorpion. The scorpion stings you.
You closely miss the scorpion. The scorpion closely misses you.
You closely miss the scorpion. The scorpion closely misses you.
You closely miss the scorpion. The scorpion stings you.
a - a +1 dagger (weapon)
The scorpion barely misses you.
You hit the scorpion but do no damage.
The scorpion stings you but does no damage.
You barely miss the scorpion. The scorpion stings you!
* * * LOW HITPOINT WARNING * * *
You hit the scorpion but do no damage. The scorpion stings you.
* * * LOW HITPOINT WARNING * * *
Unknown command.
You hit the scorpion.
The scorpion is moderately wounded.
The scorpion stings you.
* * * LOW HITPOINT WARNING * * *
Unknown command.
It was a potion of mutation.
You feel extremely strange.
Your body decomposes!
You feel weakened.
Your body decomposes!
You feel dopey.
The scorpion stings you but does no damage. x2
It was a potion of attraction.
You feel attractive to monsters. The scorpion barely misses you.
It was a potion of haste.
You feel yourself speed up.
An adder comes into view.
The scorpion closely misses you. The adder is attracted toward you.
You barely miss the scorpion.
The scorpion is moderately wounded.
The adder hisses angrily.
The scorpion stings you.
You die...

#.# #.######.#.# #.#
#.##.....#.# #.#
#..........# #.#
#..#.###.#.# #.#
#..#.# #.#... #.#
#..#.###...#.#
#.####..#...........
#...........#.#.# ..
#.####@.#.#.###.#
#.# #s○...... #.#
##>..#.## #.# S###.#
#.# .# # #.# .. #.#
.. #.# §(. #.# ...


You could see a scorpion (unable to see you) and an adder (wandering, unable to
see you).

Vanquished Creatures
  2 endoplasms (D:1)
  A goblin (D:2)
  2 quokkas (D:1)
  2 ball pythons (D:1)
  3 bats (D:1)
  3 kobolds (D:1)
  4 rats
17 creatures vanquished.

Notes
Turn   | Place    | Note
-------+----------+-------------------------------------------
     0 | D:1      | Monkooky the Ghoul Enchanter began the quest for the Orb.
     0 | D:1      | Reached XP level 1. HP: 14/14 MP: 2/2
   234 | D:1      | Reached skill level 1 in Unarmed Combat
   616 | D:1      | Reached XP level 2. HP: 20/20 MP: 3/3
   644 | D:1      | Found a faded altar of an unknown god.
   654 | D:1      | Prayed at the altar of an unknown god.
   654 | D:1      | Became a worshipper of Qazlal Stormbringer
   654 | D:1      | Reached * piety under Qazlal
  1112 | D:2      | Noticed a scorpion
  1130 | D:2      | HP: 1/20 [scorpion (1)]
  1134 | D:2      | Slain by a scorpion

Illustrated notes

Levels and vault maps discovered:
D:1:      dpeg_arrival_three_smaller_balls, layout_basic,
          hellmonk_ecumenical_altar_slurped_away
D:2:      layout_basic, serial_shops, shop, uniq_natasha, uniq_sigmund

Skill      XL: |  1  2 |
---------------+-------+-----
Unarmed Combat | 1 2 |  2.3
Short Blades   | |  0.8
Dodging        | |  1.7
Stealth        | |  3.2
Spellcasting   | |  1.7
Hexes          | |  2.4

Action                   || total
-------------------------++-------
Melee: Dagger            ||    35
       Unarmed           ||    17
Throw: Dart              ||    11
  Use: Potion            ||     5
 Stab: Sleeping          ||     3
       Invisible         ||     1
Armor: Robe              ||     6
       Ring mail         ||     7
Dodge: Dodged            ||    25
Block: Other             ||     1
